 Dungeon Sprint DCSS version 0.31-a0-37-g98a128e1d9 (webtiles) character file.

Game seed: 6441690003481599964

611 bmack86 the Cleaver (level 7, -4/105 HPs)
             Began as a Minotaur Berserker on May 14, 2023.
             Was a Believer of Trog.
             Slain by Sonja
             ... wielding a +2 short sword of venom
              (5 damage)
             ... in the Dungeon (Sprint I: "Red Sonja").
             The game lasted 00:03:01 (337 turns).

bmack86 the Cleaver (Minotaur Berserker)             Turns: 337, Time: 00:03:02

Health: -4/105     AC:  9    Str: 23    XL:     7   Next: 20%
Magic:  6/6        EV: 10    Int:  4    God:    Trog [**....]
Gold:   424        SH:  0    Dex: 10    Spells: 6/6 levels left

rFire   . . .        k - +0 scythe
rCold   . . .        (shield currently unavailable)
rNeg    . . .        j - +0 scale mail
rPois   .            (helmet restricted)
rElec   .            (no cloak)
rCorr   .            (no gloves)
SInv    .            l - +0 pair of boots {Stlth+}
Will    .....        (no amulet) Stlth
                     (no ring)
HPRegen 0.37/turn    (no ring)
MPRegen 0.10/turn

%: no teleportation
@: berserking (expiring), lethally poisoned (-4 -> -42), slowed
A: horns 2, retaliatory headbutt
a: Renounce Religion, Berserk, Trog's Hand


You were in the Dungeon.
You worshipped Trog.
Trog was pleased with you.
You visited 1 branch You collected 424 gold pieces.

Inventory:

Hand Weapons
 a - a +0 hand axe
 k - a +0 scythe (weapon)
Armour
 b - a +0 animal skin
 j - a +0 scale mail (worn)
 l - a +0 pair of boots of stealth (worn)
Wands
 i - a wand of quicksilver (5) (quivered)
Scrolls
 h - a scroll of blinking
Potions
 c - a potion of curing
 d - a potion of heal wounds
 e - a potion of haste
 f - 2 potions of magic
 g - a potion of berserk rage


   Skills:
 + Level 9.5 Fighting
 * Level 12.7 Axes
 + Level 9.1 Armour
 - Level 2.1 Dodging
 + Level 5.0 Evocations


You had 6 spell levels left.
You didn't know any spells.
Your spell library was empty.

Dungeon Overview and Level Annotations

Branches:
Dungeon (1/1)

Altars:
Cheibriados
Dithmenos
Elyvilon
Fedhas
Gozag
Hepliaklqana
Kikubaaqudgha
Makhleb
Nemelex Xobeh
Okawaru
Qazlal
Ru
Sif Muna
Trog
Uskayaw
Vehumet
Wu Jian
Xom
Yredelemnul
Zin
The Shining One
Jiyva
Lugonu

Shops:
D ?

Annotations:
D Sonja


Innate Abilities, Weirdness & Mutations

You have a pair of horns on your head.
You reflexively headbutt those who attack you in melee.


Message History

Sonja closely misses you.
You barely miss Sonja.
You feel extremely sick.
You puncture Sonja! Your headbutt misses Sonja.
Sonja is moderately wounded.
You feel extremely sick.
Sonja mumbles some strange words.
Sonja blinks!
You feel extremely sick.
Sonja says, "If only old Madame Brzewit could see me now!"
You see here a yak corpse.
You are too berserk!
You feel a strong urge to attack something.
You feel very sick.
Sonja hits you with a +2 short sword of venom!
You are more poisoned.
Sonja closely misses you. x2
You barely miss Sonja.
Sonja is moderately wounded.
* * * LOW HITPOINT WARNING * * *
You feel extremely sick.
Sonja gestures wildly while chanting.
Sonja blinks!
* * * LOW HITPOINT WARNING * * *
You feel extremely sick.
Sonja throws a curare-tipped dart.
The curare-tipped dart hits you.
You are more poisoned.
You have difficulty breathing.
* * * LOW HITPOINT WARNING * * *
You feel yourself slow down.
There is an ornate altar of the Wu Jian Council here.
You feel a strong urge to attack something.
* * * LOW HITPOINT WARNING * * *
You feel extremely sick.
Sonja casts a spell.
Sonja blinks!
Sonja closely misses you. You furiously retaliate!
You headbutt Sonja. Sonja hits you but does no damage.
You are more poisoned.
Sonja hits you with a +2 short sword of venom.
You die...

######################
#<.#..)..#..'..#__#..+
#..)..#..'[.#..'..'..#
#..#####'#####+#__####
#..####..#...#.####
#..#__####..##)#
#..#_____##+#§.+
#⌠⌠#_.∩...+†@K_#
####_..__##§.#+#
#_____###'#.# #######
#.### $.$ $.$# ##.##
#+#


You could see Sonja.

Vanquished Creatures
  A slime creature (D)
  Sigmund (D)
  A yak (D)
  An ogre (D)
  A jelly (D)
  Ijyb (D)
6 creatures vanquished.

Notes
Turn   | Place    | Note
-------+----------+-------------------------------------------
     0 | D        | bmack86 the Minotaur Berserker began the quest for the Orb.
     0 | D        | Reached XP level 1. HP: 19/19 MP: 0/0
     2 | D        | Noticed Ijyb
    10 | D        | Killed Ijyb
    11 | D        | Reached skill level 5 in Fighting
    11 | D        | Reached skill level 6 in Axes
    11 | D        | Reached XP level 2. HP: 29/29 MP: 1/1
    48 | D        | Noticed an ogre
    54 | D        | Killed an ogre
    55 | D        | Reached skill level 8 in Axes
    55 | D        | Reached skill level 5 in Armour
    55 | D        | Reached XP level 3. HP: 38/38 MP: 2/2
    55 | D        | Reached XP level 4. HP: 45/45 MP: 3/3
    86 | D        | Noticed Sigmund
    90 | D        | Killed Sigmund
    90 | D        | Reached ** piety under Trog
    91 | D        | Reached skill level 10 in Axes
    91 | D        | Reached XP level 5. HP: 53/53 MP: 4/4
   118 | D        | Found a burning altar of Makhleb.
   118 | D        | Found a viscous altar of Jiyva.
   118 | D        | Found a shimmering altar of Xom.
   118 | D        | Found a corrupted altar of Lugonu.
   118 | D        | Noticed a slime creature
   122 | D        | Killed a slime creature
   123 | D        | Reached skill level 11 in Axes
   123 | D        | Reached XP level 6. HP: 62/62 MP: 5/5
   142 | D        | Found an ornate altar of the Wu Jian Council.
   142 | D        | Found a shimmering blue altar of Sif Muna.
   144 | D        | Found a radiant altar of Vehumet.
   151 | D        | Reached skill level 12 in Axes
   266 | D        | Found Geluoc's Magic Scroll Emporium.
   266 | D        | Found an ancient bone altar of Kikubaaqudgha.
   266 | D        | Found a hazy altar of Hepliaklqana.
   266 | D        | Found a stormy altar of Qazlal.
   266 | D        | Found a hide-covered altar of Uskayaw.
   266 | D        | Found a blossoming altar of Fedhas.
   266 | D        | Found a bloodstained altar of Trog.
   266 | D        | Found an iron altar of Okawaru.
   266 | D        | Found a basalt altar of Yredelemnul.
   266 | D        | Found a glowing golden altar of the Shining One.
   266 | D        | Found a snail-covered altar of Cheibriados.
   266 | D        | Found a sacrificial altar of Ru.
   266 | D        | Found a glowing silver altar of Zin.
   266 | D        | Found a shadowy altar of Dithmenos.
   266 | D        | Found a white marble altar of Elyvilon.
   266 | D        | Noticed a yak
   273 | D        | Killed a yak
   274 | D        | Reached skill level 5 in Evocations
   274 | D        | Reached XP level 7. HP: 54/70 MP: 6/6
   279 | D        | Found an opulent altar of Gozag.
   280 | D        | Found a sparkling altar of Nemelex Xobeh.
   327 | D        | Noticed Sonja
   337 | D        | HP: 1/105 [poisoned by Sonja (curare-tipped dart)]
   337 | D        | Slain by Sonja

Illustrated notes

Levels and vault maps discovered:
D:        dungeon_sprint_1 [red_sonja_temple_1, red_sonja_temple_small_1]

Skill      XL: |  1  2  3  4  5  6 |
---------------+-------------------+-----
Fighting       | 5 6 8 9 |  9.5
Axes           | 6 8 10 11 12 | 12.7
Armour         | 4 5 7 8 9 |  9.1
Evocations     | 3 4 5 |  5.0
Dodging        | |  2.1

Action                     |  1- 3 |  4- 6 |  7- 9 || total
---------------------------+-------+-------+-------++-------
  Melee: Hand axe          |    12 |     5 |       ||    17
         Headbutt          |     1 |     8 |       ||     9
         Punch             |     1 |       |       ||     1
         Halberd           |       |    12 |     4 ||    16
 Invoke: Berserk           |     2 |     2 |     1 ||     5
  Evoke: Wand              |       |       |     1 ||     1
 Armour: Animal skin       |     1 |       |       ||     1
         Scale mail        |       |     2 |     6 ||     8
  Dodge: Dodged            |     3 |     4 |     8 ||    15

Table legend: (Time is in decaauts)
 A = Elapsed time spent in this place.
 B = Non-inter-level travel time spent in this place.
 C = Inter-level travel time spent in this place.
 D = Time resting spent in this place.
 E = Time spent auto-exploring this place.
 F = Levels seen in this place.
 G = Mean time per level.
                   A        B        C        D        E       F      G
               +--------+--------+--------+--------+--------+-----+--------+
         Total |    360 |    360 |      0 |    171 |      0 |   1 |  360.0 |
       Dungeon |    360 |    360 |      0 |    171 |      0 |   1 |  360.0 |
               +--------+--------+--------+--------+--------+-----+--------+

Top non-repeatable levels by time:
       D: 360 daAuts
